 Dungeon Crawl Stone Soup version 0.17.1-3-g152610e (webtiles) character file.

520 Gargoyl the Skirmisher (level 7, -1/55 HPs)
             Began as a Demonspawn Abyssal Knight on Mar 9, 2016.
             Was a Priest of Lugonu.
             Slain by a worker ant (5 damage)
             ... on level 5 of the Dungeon.
             The game lasted 00:10:49 (5510 turns).

Gargoyl the Skirmisher (Demonspawn Abyssal Knight)  Turns: 5510, Time: 00:10:49

Health: -1/55      AC: 13    Str: 19    XL:     7   Next: 1%
Magic:  9/9        EV: 11    Int: 13    God:    Lugonu [***...]
Gold:   255        SH:  0    Dex: 13    Spells: 0 memorised, 6 levels left

rFire  . . .     SeeInvis .     t - +1 flail (crush)
rCold  . . .     Clarity  .     g - +0 chain mail
rNeg   + . .     SustAt   .     (no shield)
rPois  .         Gourm    .     (no helmet)
rElec  .         Spirit   .     m - +0 cloak
rCorr  .         Warding  +     (no gloves)
rMut   .         Stasis   .     (no boots)
MR     .....                    u - amulet of warding
Stlth  ..........               (no ring)
                                y - +3 ring of evasion

@: mighty, not resistant to hostile enchantments, extremely unstealthy
A: claws 2, slimy green scales 2, powered by pain 1
a: Depart the Abyss, Bend Space, Banish, Renounce Religion


You were on level 5 of the Dungeon.
You worshipped Lugonu.
Lugonu was most pleased with you.
You were not hungry.

You visited 1 branch of the dungeon, and saw 5 of its levels.
You visited the Abyss 1 time.

You collected 255 gold pieces.

Inventory:

Hand Weapons
 a - a +1 spear
 t - a +1 flail of crushing (weapon)
 x - a +2 hand axe of flaming
Armour
 g - a +0 chain mail (worn)
 m - a +0 cloak (worn)
Jewellery
 u - an amulet of warding (around neck)
 y - a +3 ring of evasion (left claw)
Wands
 s - a wand of random effects (20)
Scrolls
 b - a scroll of noise {unknown}
 d - 5 scrolls of identify
 e - 3 scrolls of teleportation
 f - a scroll of remove curse
 k - 2 scrolls of fear {unknown}
 p - a scroll of enchant weapon {unknown}
 q - a scroll of blinking {unknown}
 r - a scroll of fog {unknown}
Potions
 h - a potion of beneficial mutation {unknown}
 i - a potion of cure mutation
 l - a potion of curing {unknown}
 o - 2 potions of agility
 v - a potion of magic {unknown}
Comestibles
 c - 2 bread rations
 j - a meat ration
 n - 3 beef jerkies


   Skills:
 + Level 4.5 Fighting
 + Level 3.3 Polearms
 + Level 0.1 Throwing
 + Level 4.1 Armour
 + Level 2.4 Dodging
 + Level 1.0 Stealth
 + Level 3.6 Invocations


You had 6 spell levels left.
You didn't know any spells.

Dungeon Overview and Level Annotations

Branches:
Dungeon (5/15)
 Temple: D:4-7

Altars:
Elyvilon
Gozag
Nemelex Xobeh
Qazlal
Ru
Trog
Vehumet
Xom
Yredelemnul

Annotations:
D:3 MixedWithMadness's ghost, amateur HuFi
D:4 urm's ghost, amateur NaTm
D:5 Prince Ribbit


Innate Abilities, Weirdness & Mutations

You have very sharp fingernails.
You are mostly covered in slimy green scales (AC +3).
You sometimes gain a little power by taking damage.


Message History

You completely miss Prince Ribbit.
Prince Ribbit is moderately wounded.
The worker ant twitches its antennae in your direction.
Prince Ribbit hits you! Prince Ribbit barely misses you.
Prince Ribbit momentarily phases out as your attack passes through him.
Prince Ribbit is moderately wounded.
Prince Ribbit hits you but does no damage.
Prince Ribbit hits you!
You focus on the pain.
You feel very mighty all of a sudden.
You sock Prince Ribbit!
Prince Ribbit is heavily wounded.
Prince Ribbit hits you!
* * * LOW HITPOINT WARNING * * *
Prince Ribbit winks and puckers his lips.
Prince Ribbit hits you.
* * * LOW HITPOINT WARNING * * *
Drink which item? (? for menu, Esc to quit)
It was a potion of cure mutation.
It has a very clean taste.
The worker ant bites you.
You die...

##.#..............##
#......#
#..#...............#
##.[..##
#.###............>.##
##..## ##.#
#.............>.##
#..## #.##
##...............###.##
##.#
#...............##..#
#..#
##.....)........##.##
##.##
#.)....a......##..#
#..#
##....F@......##.##
#(## #............#.##
...## ##.............#
##..# ##...........##
##.## #..........##
##.## ##.........#
##.## ##.......## ##.##
##......# ##.##
##..#.## ####


You could see Prince Ribbit and a worker ant.

Vanquished Creatures
  3 ogres (D:4)
  A crimson imp (D:5)
  2 orc wizards (D:4)
  An orc priest (D:3)
  4 adders
  An ooze (D:1)
  An adder skeleton (D:4)
  6 giant geckos
  18 orcs
  A ball python (D:1)
  8 giant cockroaches
  5 hobgoblins
  5 jackals (D:4)
  10 kobolds
  3 quokkas
  4 bats
  4 giant newts
  8 goblins
  3 rats
88 creatures vanquished.

Notes
Turn   | Place    | Note
--------------------------------------------------------------
     0 | Abyss:1  | Gargoyl the Demonspawn Abyssal Knight began the quest for the Orb.
     0 | Abyss:1  | Reached XP level 1. HP: 18/18 MP: 2/2
    33 | Abyss:1  | Noticed an orange demon
    37 | D:1      | Escaped the Abyss
   209 | D:1      | Reached * piety under Lugonu
   216 | D:1      | Gained mutation: You are partially covered in slimy green scales (AC +2). [demonic ancestry]
   216 | D:1      | Reached XP level 2. HP: 16/24 MP: 4/4
   448 | D:1      | You fall through a shaft!
   453 | D:2      | Found a basalt altar of Yredelemnul.
   454 | D:2      | Found a bloodstained altar of Trog.
   454 | D:2      | Found a sparkling altar of Nemelex Xobeh.
   455 | D:2      | Found a white marble altar of Elyvilon.
   455 | D:2      | Found a radiant altar of Vehumet.
   461 | D:2      | Found a sacrificial altar of Ru.
  1006 | D:2      | Gained mutation: You have sharp fingernails. [demonic ancestry]
  1006 | D:2      | Reached XP level 3. HP: 27/29 MP: 5/5
  1052 | D:2      | Reached skill level 1 in Dodging
  2317 | D:3      | Gained mutation: You sometimes gain a little power by taking damage. [demonic ancestry]
  2317 | D:3      | Reached XP level 4. HP: 36/36 MP: 6/6
  2380 | D:3      | Found an opulent altar of Gozag.
  2469 | D:3      | Reached ** piety under Lugonu
  2761 | D:3      | Noticed MixedWithMadness's ghost (amateur HuFi)
  3531 | D:3      | Found a stormy altar of Qazlal.
  3607 | D:4      | Gained mutation: You are mostly covered in slimy green scales (AC +3). [demonic ancestry]
  3607 | D:4      | Reached XP level 5. HP: 42/42 MP: 7/7
  3732 | D:4      | Reached skill level 4 in Fighting
  3995 | D:4      | Noticed an ogre
  4044 | D:4      | Noticed an ogre
  4077 | D:4      | Killed an ogre
  4077 | D:4      | Reached XP level 6. HP: 10/48 MP: 8/8
  4626 | D:4      | Noticed an ogre
  4640 | D:4      | Killed an ogre
  4954 | D:4      | Noticed urm's ghost (amateur NaTm)
  4972 | D:5      | Entered Level 5 of the Dungeon
  5093 | D:5      | Noticed Prince Ribbit
  5108 | D:5      | Found a shimmering altar of Xom.
  5347 | D:5      | Reached *** piety under Lugonu
  5422 | D:5      | Reached skill level 1 in Stealth
  5422 | D:5      | Gained mutation: You have very sharp fingernails. [demonic ancestry]
  5422 | D:5      | Reached XP level 7. HP: 55/55 MP: 9/9
  5510 | D:5      | Slain by a worker ant

Action                   |  1- 3 |  4- 6 |  7- 9 || total
-------------------------+-------+-------+-------++-------
Melee: Spear             |   145 |   242 |       ||   387
       Flail             |       |    28 |     7 ||    35
       Hand axe          |       |    18 |     2 ||    20
Throw: Tomahawk          |       |     4 |       ||     4
Invok: Depart the Abyss  |     1 |       |       ||     1
  Use: Scroll            |       |     4 |       ||     4
       Potion            |       |     3 |     1 ||     4
  Eat: Chunk             |     5 |     5 |     1 ||    11
       Bread ration      |       |     1 |       ||     1
